 Dungeon Sprint DCSS version 0.20-a0-876-g2c7b0bf (webtiles) character file.

10 esc the Vexing (level 2, -1/21 HPs)
             Began as a Demonspawn Enchanter on Mar 15, 2017.
             Killed by nerve-wracking pain
             ... invoked by Jessica
              (14 damage)
             ... in the Dungeon (Sprint III: "The Ten Rune Challenge").
             The game lasted 00:01:02 (118 turns).

esc the Vexing (Demonspawn Enchanter)                Turns: 118, Time: 00:01:03

Health: -1/21      AC:  2    Str:  8    XL:     2   Next: 10%
Magic:  1/5        EV: 13    Int: 16    God:
Gold:   18         SH:  0    Dex: 13    Spells: 2/5 levels left

rFire    . . .     SeeInvis .   a - +1 dagger
rCold    . . .     Gourm    .   b - +0 robe
rNeg     . . .     Faith    .   (no shield)
rPois    .         Spirit   .   (no helmet)
rElec    .         Reflect  .   (no cloak)
rCorr    .         Harm     .   (no gloves)
MR       .....     NoTele   +   (no boots)
Stlth    ++........             (no amulet)
Regen    0.1/turn               (no ring)
MPRegen  0.1/turn               (no ring)

@: slowed, very slow
A: talons 1
a: no special abilities


You were in the Dungeon.
You were not hungry.

You visited 1 branch You collected 18 gold pieces.

Inventory:

Hand Weapons
 a - a +1 dagger (weapon)
Armour
 b - a +0 robe (worn)
Scrolls
 j - a scroll of blinking {!r}
Potions
 e - a potion of curing
 f - a potion of heal wounds
 g - a potion of haste
 h - 2 potions of magic
Books
 c - a book of Maledictions
Comestibles
 d - a bread ration {@e1}


   Skills:
 + Level 1.2 Fighting
 + Level 1.8 Short Blades
 + Level 2.4 Dodging
 + Level 3.2 Stealth
 + Level 2.3 Spellcasting
 + Level 3.4 Hexes


You had 2 spell levels left.
You knew the following spells:

 Your Spells              Type           Power        Failure   Level  Hunger
a - Ensorcelled Hibernat  Hex/Ice        #.....       17%         2    ###....
v - Corona                Hex            ##.....      6%          1    #......


Dungeon Overview and Level Annotations

Branches:
Dungeon (1/1)

Altars:

Annotations:
D Jessica


Innate Abilities, Weirdness & Mutations

You have sharp toenails.


Message History

The ooze quivers. x2
There is an open door here.
You barely miss the ooze. The ooze hits you.
You take 3 damage, and have 10/13 hp.
MASSIVE DAMAGE!!
Really quaff
i - a potion of berserk rage {!q}?
A red film seems to cover your vision as you go berserk!
You feel yourself moving faster!
You feel mighty! The ooze hits you.
You now have 12/19 hp.
You puncture the ooze! You barely miss the ooze. The ooze closely misses you.
You hit the ooze.
You kill the ooze!
Your Fighting skill increases to level 1!
Your Short Blades skill increases to level 1!
Your Dodging skill increases to level 2!
Your Stealth skill increases to level 3!
You regained 2 hp, and now have 14/22 hp.
The ooze closely misses you.
There is an open door here.
You hit the ooze. The ooze closely misses you.
You puncture the ooze!
You kill the ooze!
You have reached level 2!
You feel monstrous as your demonic heritage exerts itself.
Your demonic ancestry asserts itself...
Your toenails lengthen and sharpen.
You regained 6 hp, and now have 20/31 hp.
MP restored: 5 You feel a strong urge to attack something.
You feel your anger subside.
You are no longer berserk.
You are exhausted.
You feel yourself slow down.
You now have 18 gold pieces.
You now have 14/21 hp.
You start resting.
You feel yourself speed up.
You regained 3 hp, and now have 17/21 hp.
You start resting.
You feel less exhausted.
Memorise Ensorcelled Hibernation, consuming 2 spell levels and leaving 2?
You start memorising the spell.
You continue memorising. x2
You finish memorising.
Spell assigned to 'a'.
You start resting.
Health restored: 21 You open the door.
Jessica the Apprentice Sorceress comes into view.
Jessica shouts!
Jessica gestures wildly while chanting.
Jessica seems to speed up.
A rat comes into view.
Aim: Jessica, wearing a robe (fast, chance to defeat MR: 48%)
Okay, then.
You close the door.
Jessica opens the door.
Aim: Jessica, wearing a robe (fast, chance to defeat MR: 48%) Jessica resists with some effort.
Jessica gestures at you while chanting. You resist with some effort.
You now have 3/5 mp.
Aim: Jessica, wearing a robe (fast, chance to defeat MR: 48%)
The rat looks drowsy...
You now have 1/5 mp.
The helpless rat fails to defend itself.
You puncture the rat!
You kill the rat!
Jessica completely misses you.
You barely miss Jessica. You claw Jessica, but do no damage.
Jessica hits you but does no damage.
You closely miss Jessica. Jessica hits you.
You take 3 damage, and have 18/21 hp.
You hit Jessica but do no damage. Jessica closely misses you.
Jessica hits you but does no damage.
You hit Jessica but do no damage. Jessica barely misses you.
You closely miss Jessica.
Jessica gestures wildly while chanting.
Jessica blinks!
Aim: Jessica, wearing a robe (fast, chance to defeat MR: 48%) Jessica resists with some effort.
Jessica hits you.
You take 3 damage, and have 16/21 hp.
You now have 0/5 mp.
Jessica casts a spell at you.
You feel yourself slow down. Jessica barely misses you. Jessica hits you.
There is an open door here.
You take 1 damage, and have 15/21 hp.
Jessica closely misses you.
Jessica casts a spell.
Jessica blinks!
Jessica closely misses you. x2
There is a staircase leading out of the dungeon here.
Jessica hits you. Jessica misses you.
You take 2 damage, and have 13/21 hp.
Jessica closely misses you.
There is an open door here.
Jessica casts a spell at you.
You barely resist. Jessica casts a spell at you. Pain shoots through your body!
Ouch! That really hurt!
You die...

▓▓▓▓
▓<.#
▓.@#
▓#'####
▓..@..#
▓.....#
▓.....#
▓####†#
..#
...#
.r..#
+#####


You could see Jessica.

Vanquished Creatures
  2 oozes (D)
  A rat (D)
3 creatures vanquished.

Vanquished Creatures (others)
  A yaktaur (D)
  A plant (D)
2 creatures vanquished.

Grand Total: 5 creatures vanquished

Notes
Turn   | Place    | Note
-------+----------+-------------------------------------------
     0 | D        | esc the Demonspawn Enchanter began the quest for the Orb.
     0 | D        | Reached XP level 1. HP: 13/13 MP: 3/3
     8 | D        | Reached skill level 1 in Fighting
     8 | D        | Reached skill level 1 in Short Blades
     8 | D        | Reached skill level 2 in Dodging
     8 | D        | Reached skill level 3 in Stealth
    11 | D        | Gained mutation: You have sharp toenails. [demonic ancestry]
    11 | D        | Reached XP level 2. HP: 20/21 MP: 5/5
    20 | D        | Killed a yaktaur
    54 | D        | Learned a level 2 spell: Ensorcelled Hibernation
    96 | D        | Noticed Jessica
   118 | D        | Killed from afar by Jessica

Vault maps used:
D:        dungeon_sprint_mu

Skill      XL: |  1 |
---------------+----+-----
Fighting       | 1 |  1.2
Short Blades   | 1 |  1.8
Dodging        | 2 |  2.4
Stealth        | 3 |  3.2
Spellcasting   | |  2.3
Hexes          | |  3.4

Action                   || total
-------------------------++-------
Melee: Dagger            ||    12
       Kick              ||     1
 Cast: Ensorcelled Hiber ||     3
  Use: Potion            ||     1
 Stab: Sleeping          ||     1
Armor: Robe              ||     2
Dodge: Dodged            ||    12

Vault maps used:
D:        dungeon_sprint_mu

Table legend:
 A = Turns spent in this place as a percentage of turns spent in the entire game.
 B = Non-inter-level travel turns spent in this place as a percentage of non-inter-level travel turns spent in the entire game.
 C = Inter-level travel turns spent in this place as a percentage of turns spent in this place.
 D = Turns resting spent in this place as a percentage of non-inter-level travel turns spent in this place.
 E = Turns spent auto-exploring this place as a percentage of non-inter-level travel turns spent in this place.
 F = Non-inter-level travel turns spent in this place divided by the number of levels of this place that you've seen.
                   A       B       C       D       E      F
               +-------+-------+-------+-------+-------+----------------------
         Total | 100.0 | 100.0 |   0.0 |  11.1 |   0.0 |  45.0
       Dungeon | 100.0 | 100.0 |   0.0 |  11.1 |   0.0 |  45.0
               +-------+-------+-------+-------+-------+----------------------

Table legend:
 A = Kills in this place as a percentage of kills in entire the game.
 B = Kills by you in this place as a percentage of kills by you in the entire game.
 C = Kills by friends in this place as a percentage of kills by friends in the entire game.
 D = Other kills in this place as a percentage of other kills in the entire game.
 E = Experience gained in this place as a percentage of experience gained in the entire game.
 F = Experience gained in this place divided by the number of levels of this place that you have seen.
                   A       B       C       D       E      F
               +-------+-------+-------+-------+-------+----------------------
         Total | 100.0 | 100.0 |  -nan |  -nan | 100.0 |  15.0
       Dungeon | 100.0 | 100.0 |  -nan |  -nan | 100.0 |  15.0
               +-------+-------+-------+-------+-------+----------------------
